 Dungeon Crawl Stone Soup version 0.27-a0-1196-g3e9cee4cb2 (webtiles) character file.

Game seed: 4571856346369133965

46 Kold the Changer (level 3, -1/23 HPs)
             Began as an Octopode Transmuter on May 28, 2021.
             Frozen to death by an endoplasm (5 damage)
             ... on level 3 of the Dungeon.
             The game lasted 00:02:32 (1903 turns).

Kold the Changer (Octopode Transmuter)              Turns: 1903, Time: 00:02:33

Health: -1/23      AC:  1    Str:  9    XL:     3   Next: 68%
Magic:  5/6        EV: 13    Int: 16    God:
Gold:   75         SH:  0    Dex: 12    Spells: 5/6 levels left

rFire    . . .     SeeInvis .     - Unarmed
rCold    . . .     Faith    .   (no shield)
rNeg     . . .     Spirit   .   (helmet currently unavailable)
rPois    .         Reflect  .   (no amulet)
rElec    .         Harm     .   e - ring of willpower
rCorr    .         Rampage  .   (no ring)
Will     +....                  (no ring)
Stlth    +++.......             (no ring)
HPRegen  0.07/turn              (no ring)
MPRegen  0.10/turn              (no ring)
                                (no ring)
                                (no ring)

@: lethally poisoned (-1 -> -3), appendages
A: tentacle spike 3, almost no armour, amphibious, 8 rings, camouflage 1,
gelatinous body 1, (nimble swimmer 1), tentacles
a: End Transformation


You were on level 3 of the Dungeon.
One of your tentacles had grown a beastly spike.
You visited 1 branch of the dungeon, and saw 3 of its levels.

You collected 75 gold pieces.

Inventory:

Jewellery
 e - a ring of willpower (left tentacle)
Scrolls
 a - a scroll of identify
Potions
 b - a potion of curing


   Skills:
 - Level 1.0 Fighting
 - Level 2.0 Dodging
 - Level 2.0 Stealth
 - Level 3.0 Unarmed Combat
 - Level 2.0 Spellcasting
 + Level 3.6 Transmutations


You had 5 spell levels left.
You knew the following spells:

 Your Spells              Type           Power      Damage    Failure   Level
a - Beastly Appendage     Tmut           26%        N/A       4%          1

Your spell library contained the following spells:

 Spells                   Type           Power      Damage    Failure   Level
 Wereblood                Tmut           13%        N/A       7%          2
 Spider Form              Tmut/Pois      3%         N/A       30%         3
 Confusing Touch          Hex            1%         N/A       52%         3
 Gell's Gravitas          Tloc           0%         N/A       52%         3
 Ice Form                 Ice/Tmut       7%         N/A       69%         4
 Petrify                  Tmut/Erth      7%         N/A       69%         4
 Hydra Form               Tmut           6%         N/A       78%         5
 Yara's Violent Unravell  Hex/Tmut       3%         3d4       95%         5
 Metabolic Englaciation   Hex/Ice        0%         N/A       99%         5


Dungeon Overview and Level Annotations

Branches:
Dungeon (3/15)

Altars:


Innate Abilities, Weirdness & Mutations

One of your tentacles has grown a beastly spike.
You cannot wear most types of armour.
You are amphibious.
You can wear up to eight rings at the same time.
Your skin changes colour to match your surroundings (Stealth+).
Your rubbery body absorbs attacks. (AC +1, EV +1)
((You are camouflaged near water. (Stealth+)))
You have tentacles for arms and can constrict up to eight enemies at once.


Message History

It was a scroll of fear.
a - a scroll of identify You can't go up here!
There is a stone staircase leading up here.
You climb upwards.
There is a stone staircase leading down here.
There is an escape hatch in the floor here.
There is a stone staircase leading down here.
You climb downwards.
You hear the sound of rushing water.
There is an entrance to a sewer on this level.
Hurry and find it before the portal rusts away!
You hear the slow rusting of a very distant drain.
There is a stone staircase leading up here.
You climb upwards.
There is a stone staircase leading down here.
There is a stone staircase leading down here.
You climb downwards.
You hear the sound of rushing water.
There is an entrance to a sewer on this level.
Hurry and find it before the portal rusts away!
There is a stone staircase leading up here.
Found 7 gold pieces.
An adder comes into view.
An endoplasm comes into view.
Found a rapier.
The adder hisses angrily.
Casting: Beastly Appendage (safe; 4% risk of failure)
Confirm with . or Enter, or press ? or * to list all spells.
One of your tentacles grows a vicious spike.
The endoplasm quivers.
The adder bites you.
You are poisoned.
The adder poisons you!
You feel sick. The adder bites you. The endoplasm hits you.
You miss the adder. Your grab misses the adder.
You feel sick. The adder bites you.
* * * LOW HITPOINT WARNING * * *
The adder barely misses you. The endoplasm freezes you.
You are frozen.
You die...

.. ##### .. ...)#
.###....###
.......... #..
....### #.#
.......
###.##J...#
#####....@S.#.#.
#<...............
####......#...#..
#.............
#.....#.##.#.#..
......#..........
#........$.#..#..#
#......#.... .. .#
.....#####... ##


You could see an adder and an endoplasm.

Vanquished Creatures
  4 dart slugs
  2 bats
  3 endoplasms (D:1)
  3 giant cockroaches
  3 goblins
  2 hobgoblins (D:1)
  3 jackals (D:1)
  2 quokkas
  2 ball pythons
  4 frilled lizards
  3 kobolds
  4 rats
35 creatures vanquished.

Notes
Turn   | Place    | Note
-------+----------+-------------------------------------------
     0 | D:1      | Kold the Octopode Transmuter began the quest for the Orb.
     0 | D:1      | Reached XP level 1. HP: 13/13 MP: 3/3
   130 | D:1      | Reached skill level 1 in Stealth
   256 | D:1      | Reached XP level 2. HP: 16/18 MP: 5/5
   922 | D:1      | Reached XP level 3. HP: 23/23 MP: 6/6
  1903 | D:3      | Frozen to death by an endoplasm

Illustrated notes

Levels and vault maps discovered:
D:1:      scummos_arrival_star, layout_loops_cross, st_stairs_11,
          grunt_decor_arrowhead, chequers_garden
D:2:      layout_rooms
D:3:      layout_basic, okawaru_gym_becter, gup_sewer_entry_glass,
          hangedman_decor_lopped, minmay_misc_feat_pillars

Skill      XL: |  1  2 |
---------------+-------+-----
Stealth        | 1 2 |  2.0
Transmutations | 3 |  3.6
Fighting       | |  1.0
Dodging        | |  2.0
Unarmed Combat | |  3.0
Spellcasting   | |  2.0

Action                   || total
-------------------------++-------
Melee: Unarmed           ||    72
       Constrict         ||    21
       Kick              ||     9
       Tentacles         ||     9
       Punch             ||     1
 Cast: Beastly Appendage ||    13
  Use: Scroll            ||     3
 Stab: Sleeping          ||    15
Armor: Skin              ||     6
Dodge: Dodged            ||    34

Table legend: (Time is in decaauts)
 A = Elapsed time spent in this place.
 B = Non-inter-level travel time spent in this place.
 C = Inter-level travel time spent in this place.
 D = Time resting spent in this place.
 E = Time spent auto-exploring this place.
 F = Levels seen in this place.
 G = Mean time per level.
                   A        B        C        D        E       F      G
               +--------+--------+--------+--------+--------+-----+--------+
         Total |   1900 |   1831 |     69 |    462 |   1052 |   3 |  633.3 |
       Dungeon |   1900 |   1831 |     69 |    462 |   1052 |   3 |  633.3 |
               +--------+--------+--------+--------+--------+-----+--------+

Top non-repeatable levels by time:
     D:1: 1330 daAuts
     D:2: 541 daAuts
     D:3: 28 daAuts
